 Dungeon Crawl Stone Soup version 0.20.1-1-g8b1a95d (webtiles) character file.

90 McKennaii the Gusty (level 4, -2/24 HPs)
             Began as a Tengu Air Elementalist on Oct 23, 2017.
             Slain by Grinder (8 damage)
             ... while paralysed by Grinder
             ... on level 3 of the Dungeon.
             The game lasted 00:04:56 (2543 turns).

McKennaii the Gusty (Tengu Air Elementalist)        Turns: 2543, Time: 00:04:57

Health: -2/24      AC:  3    Str:  9    XL:     4   Next: 56%
Magic:  5/8        EV:  2    Int: 16    God:
Gold:   114        SH:  0    Dex: 14    Spells: 4/7 levels left

rFire    . . .     SeeInvis .   (no weapon)
rCold    . . .     Gourm    .   (no shield)
rNeg     . . .     Faith    .   a - +0 robe
rPois    .         Spirit   .   (helmet restricted)
rElec    .         Reflect  .   k - +0 cloak
rCorr    .         Harm     .   (no gloves)
MR       ++...                  (boots unavailable)
Stlth    ++........             (no amulet)
Regen    0.1/turn               l - ring of protection from magic
MPRegen  0.2/turn               t - ring of protection from magic

@: paralysed
A: beak, talons 3
a: no special abilities


You were on level 3 of the Dungeon.
You were hungry.

You visited 1 branch of the dungeon, and saw 3 of its levels.

You collected 114 gold pieces.

Inventory:

Armour
 a - a +0 robe (worn)
 k - a +0 cloak (worn)
Jewellery
 l - a ring of protection from magic (left hand)
 s - an uncursed ring of ice
 t - a ring of protection from magic (right hand)
Wands
 p - a wand of acid (3/15)
Scrolls
 e - a scroll of immolation {unknown}
 f - 3 scrolls of fog {unknown}
 i - a scroll of teleportation {unknown}
 m - 3 scrolls of remove curse {unknown}
 n - 3 scrolls of identify {unknown}
Potions
 h - 2 potions of invisibility {unknown}
 j - a potion of degeneration {unknown}
 o - a potion of mutation {unknown}
 q - a potion of cancellation {unknown}
 r - a potion of curing {unknown}
Books
 b - a book of Air

   Spells                             Type                      Level
   a - Shock                          Conjuration/Air              1
   b - Swiftness                      Charms/Air                   2
   c - Static Discharge               Conjuration/Air              3
   d - Airstrike                      Air                          4
   e - Lightning Bolt                 Conjuration/Air              5
Comestibles
 c - 3 bread rations
 d - 2 meat rations
 g - a royal jelly


   Skills:
 + Level 2.5 Dodging
 + Level 2.5 Stealth
 + Level 2.4 Spellcasting
 + Level 3.1 Conjurations
 + Level 5.0 Air Magic


You had 4 spell levels left.
You knew the following spells:

 Your Spells              Type           Power        Failure   Level  Hunger
a - Shock                 Conj/Air       ###.         3%          1    #......
b - Swiftness             Chrm/Air       ##......     11%         2    ###....


Dungeon Overview and Level Annotations

Branches:
Dungeon (3/15)

Altars:

Annotations:
D:3 Grinder


Innate Abilities, Weirdness & Mutations

You have a beak for a mouth.
You have claws for feet.


Message History

Press: ? - help, Shift-Dir - straight line, f/p - Grinder
Aim: Grinder (lightly wounded)
The zap hits Grinder.
Grinder is lightly wounded.
Casting: Shock
Confirm with . or Enter, or press ? or * to list all spells.
Aiming: Shock
Press: ? - help, Shift-Dir - straight line, p - Grinder The zap hits Grinder.
Grinder is moderately wounded.
The zap misses Grinder.
Grinder gestures at you.
You suddenly lose the ability to move!
Grinder gestures at you. You resist with almost no effort. Grinder hits you.
Grinder hits you!
You writhe in agony.
* * * LOW HITPOINT WARNING * * *
Grinder hits you!
You die...

#.###########.######..
#.........#........#
####....####.#.#..###.#
≈≈♣##'### #.#.#....#
♣♣#♣≈≈♣ #.#....#.#
♣#♣≈♣♣≈# #.####...# ≈♣≈♣#
≈# #.#......# ♣≈≈≈♣#♣#
#....5...# #♣≈♣≈♣###
#....@#..# ♣≈♣#♣≈#.##
#..##..#.##
≈♣#♣♣≈÷).###..#...#[.##
##♣≈≈##...............#..
.######...............#.#
.###..................#.#
.'.'..............#[.##.#
.###..............#..##.#
.############.#..<#...#.#


You could see Grinder.

Vanquished Creatures
  3 adders
  2 worms (D:2)
  A leopard gecko (D:1)
  3 orcs
  5 ball pythons
  A giant cockroach (D:2)
  6 goblins
  5 hobgoblins
  6 jackals
  2 quokkas (D:2)
  3 bats
  5 frilled lizards (D:2)
  4 kobolds
  5 rats
51 creatures vanquished.

Notes
Turn   | Place    | Note
-------+----------+-------------------------------------------
     0 | D:1      | McKennaii the Tengu Air Elementalist began the quest for the Orb.
     0 | D:1      | Reached XP level 1. HP: 10/10 MP: 4/4
   169 | D:1      | Reached XP level 2. HP: 15/15 MP: 0/6
   529 | D:1      | Learned a level 2 spell: Swiftness
   905 | D:2      | Reached XP level 3. HP: 19/19 MP: 2/7
  1213 | D:2      | Found a faded altar of an unknown god.
  1534 | D:2      | Reached XP level 4. HP: 24/24 MP: 1/8
  1718 | D:2      | Reached skill level 5 in Air Magic
  2520 | D:3      | Noticed Grinder
  2537 | D:3      | Paralysed by Grinder for 7 turns
  2543 | D:3      | Slain by Grinder

Skill      XL: |  1  2  3  4 |
---------------+-------------+-----
Conjurations   | 2 3 |  3.1
Air Magic      | 5 |  5.0
Dodging        | |  2.5
Stealth        | |  2.5
Spellcasting   | |  2.4

Action                   |  1- 3 |  4- 6 || total
-------------------------+-------+-------++-------
Melee: Unarmed           |     1 |       ||     1
       Peck              |     1 |       ||     1
 Cast: Shock             |    83 |    43 ||   126
  Eat: Chunk             |     2 |     4 ||     6
Armor: Robe              |     2 |     3 ||     5
Dodge: Dodged            |     2 |    14 ||    16
